[Event "Austrian Championship 2022"]
[Site "Vienna"]
[Date "2022.08.19"]
[Round "9.6"]
[White "Ernst, Robert"]
[Black "Fuchs, Patrick"]
[Result "1/2-1/2"]
[ECO "D20"]
[WhiteElo "2001"]
[BlackElo "1990"]
[Annotator "TA"]
[PlyCount "58"]
[EventDate "2022.08.12"]
[EventType "swiss"]
[EventCountry "AUT"]
[SourceTitle "playchess.com"]
[Source "ChessBase"]
[SourceQuality "1"]
[TimeControl "40/5400+30:1800+30"]

1. d4 d5 2. c4 dxc4 3. e4 b5 4. a4 c6 5. axb5 cxb5 6. Nc3 {[%emt 0:00:13] D20: Queen's Gambit Accepted: 3 e3 and 3 e4.} Qb6 $1 {[%emt 0:00:07][%mdl 4] outshines the older 6...a6.} 7. Nd5 Qb7 8. Bf4 {[%emt 0:00:14] Nc7+ is the strong threat. White is slightly better.} e5 9. Bxe5 {[%emt 0:02:27] Hoping for Ne2.} Nd7 $1 10. Bf4 {[%emt 0:06:05] Threatens to win with f3. 0x0.001b8411e641dp-1022s more active pieces.} Ngf6 11. Nxf6+ ({White has to play} 11. Nc7+ $1 $16 Kd8 12. Nxa8) 11... Nxf6 $15 12. f3 Bb4+ 13. Bd2 Bxd2+ 14. Qxd2 O-O 15. Ne2 Re8 16. Ng3 Qb6 17. Be2 Rd8 18. Rd1 ({White should try} 18. Qa5 $1 $11 Bb7 19. Qxb6 axb6 20. Rxa8 Rxa8 21. Kd2) 18... a5 $1 19. O-O {[%emt 0:00:42] [#]} Ba6 $146 (19... a4 $5 ) ({Predecessor:} 19... a4 20. f4 Bb7 21. e5 Nd5 22. Nh5 f5 23. g4 Ne7 24. Ng3 g6 25. Rf2 a3 26. bxa3 {1-0 (53) Chen,J (2263)-Dev,S (2243) Budapest 2021}) 20. Kh1 b4 21. Nf5 g6 (21... c3 $5 22. bxc3 (22. Qg5 Ne8 $11) 22... Bxe2 23. Qxe2 g6 $11) 22. Ne3 {[%emt 0:19:39] White does not recover from this.} ({White should play} 22. Qg5 $15) 22... c3 $1 $19 23. bxc3 bxc3 24. Qc2 {[%emt 0:00:26] [#]} Bxe2 ({Stronger than} 24... Rxd4 25. Bxa6 Rxd1 26. Nxd1 $17) 25. Qxe2 Rxd4 26. Nc4 Qc5 27. Rxd4 Qxd4 28. Rd1 Qc5 {[%emt 0:00:43] And now ...a4 would win.} 29. Rc1 Qe7 $2 {[%emt 0:16:02] Weighted Error Value: White=0.35/Black=0.03 (flawless)} (29... Rb8 $19 {has better winning chances.} 30. Qd3 {[#]} Nd7 $1) 1/2-1/2

[Event "Austrian Championship 2022"]
[Site "Vienna"]
[Date "2022.08.19"]
[Round "9.7"]
[White "Schroll, Gerhard"]
[Black "Balinov, Ilia"]
[Result "1/2-1/2"]
[ECO "D90"]
[WhiteElo "2281"]
[BlackElo "2419"]
[Annotator "TA"]
[PlyCount "45"]
[EventDate "2022.08.12"]
[EventType "swiss"]
[EventCountry "AUT"]
[SourceTitle "playchess.com"]
[Source "ChessBase"]
[SourceQuality "1"]
[TimeControl "40/5400+30:1800+30"]

1. d4 Nf6 2. c4 g6 3. Nc3 d5 4. cxd5 Nxd5 5. Bd2 Bg7 6. e4 Nb6 7. Be3 O-O 8. Nf3 Bg4 9. Be2 Nc6 10. d5 Bxf3 11. gxf3 Ne5 12. Qb3 $1 c6 {[%emt 0:04:25] D90: Grünfeld: 4 Nf3 Bg7 sidelines.} 13. O-O-O (13. f4 $5 Ned7 14. dxc6 bxc6 15. h4 $16) 13... cxd5 14. Nxd5 Qc8+ {[%emt 0:12:57] White has an edge.} 15. Kb1 Nxd5 {[%emt 0:00:05] [#]} 16. Qxd5 $146 ({Predecessor:} 16. Rxd5 Qh3 17. Bd4 Nd7 18. Bxg7 Kxg7 19. Qxb7 Qg2 20. Rf1 Nf6 21. Ra5 Rfe8 22. Rxa7 Rxa7 23. Qxa7 Nxe4 {½-½ (44) Grabuzova,T (2380)-Peptan,C (2255) Timisoara 1994}) 16... Qh3 17. f4 ({Much weaker is} 17. Qxb7 Rab8 18. Qa6 (18. Qxe7 $2 Rxb2+ 19. Kxb2 Nc6+ 20. Kc2 Nxe7 $19) 18... Nxf3 $17) 17... Ng4 18. Bxg4 (18. Qxb7 $2 Rab8 19. Bxg4 Qxg4 20. Qxb8 Rxb8 $19) 18... Qxg4 19. h3 (19. Qxb7 Rab8 20. Qc7 Rxb2+ 21. Kc1 Rbb8 $19) 19... Qh4 20. Qg5 ({Don't go for} 20. Qxb7 $2 Rab8 21. Qd7 Rxb2+ 22. Kc1 Rxa2 $19) 20... Qxg5 21. fxg5 Rfd8 {[%emt 0:00:21] Against Rd7} 22. Rxd8+ Rxd8 23. Rc1 {[%emt 0:00:41] Weighted Error Value: White=0.07 (flawless) /Black=0.05 (flawless)} 1/2-1/2

[Event "Austrian Championship 2022"]
[Site "Vienna"]
[Date "2022.08.19"]
[Round "9.8"]
[White "Schreiner, Peter"]
[Black "Neumeier, Klaus"]
[Result "1-0"]
[ECO "E05"]
[WhiteElo "2416"]
[BlackElo "2257"]
[Annotator "TA"]
[PlyCount "103"]
[EventDate "2022.08.12"]
[EventType "swiss"]
[EventCountry "AUT"]
[SourceTitle "playchess.com"]
[Source "ChessBase"]
[SourceQuality "1"]
[TimeControl "40/5400+30:1800+30"]

1. Nf3 d5 2. g3 Nf6 3. Bg2 e6 4. O-O Be7 5. d4 O-O 6. c4 dxc4 7. Qc2 b5 8. a4 {[%emt 0:00:52] E05: Open Catalan: 5 Nf3 Be7.} Bb7 9. axb5 a6 10. Nc3 {[%emt 0:02:44] Inhibits Be4. White has an edge.} axb5 11. Rxa8 Bxa8 12. Nxb5 {[%emt 0:00:14] [#]} c6 $146 ({Better is} 12... Nbd7 $11) ({Predecessor:} 12... Bd5 13. Bf4 c5 14. dxc5 Qa5 15. Nc3 Qxc5 16. Be3 Qa5 17. Bd2 Ba8 18. Nd1 Qc5 {½-½ (37) Nepomniachtchi,I (2766)-Radjabov,T (2753) Madrid 2022}) 13. Na3 $14 {[%emt 0:06:16] White is more active.} c5 14. dxc5 Bxc5 15. Nxc4 Be4 16. Qa4 Bc6 17. Qb3 Na6 18. Nce5 ({White should play} 18. Nfe5 $16 Bd5 19. Bf4) 18... Bd5 19. Qa4 Qa8 20. Nd3 Be7 21. Bg5 Qb7 22. Bxf6 Bxf6 23. Nfe1 Ra8 24. Bxd5 Qxd5 25. Qc2 (25. Nf4 $5 Qb7 26. Ned3 $14) 25... Rb8 26. Nf3 g6 (26... Qd6 $14) 27. Qa4 (27. Ra1 $1 $16 Qb7 28. Ra4) 27... Qb5 (27... Nb4 $1 $14 28. Rd1 (28. Nxb4 Qe4 $14) 28... Qb5 29. Qxb5 Rxb5) 28. Qf4 $16 Kg7 29. Rc1 Rb7 30. h4 (30. Rc8 Nb4 $14) 30... h5 31. b4 (31. Rc8 Nb4 $14) 31... Qd5 32. Rc4 Rb5 33. Qc1 (33. Rc8 e5 34. Qc1 Nxb4 $11) 33... Qb7 34. Ng5 {[%emt 0:00:43] Pair of Knights!} Qd5 (34... Nxb4 35. Rc7 Nxd3 36. Rxb7 Nxc1 37. Rxb5) 35. Rf4 {[%emt 0:01:36][%cal Of4f6] Hoping for Rxf6!} Bxg5 (35... e5 $16 {was worth a try.} 36. Rc4 Rb7) 36. hxg5 $18 Qxg5 $2 (36... e5 {keeps fighting.}) 37. Qa1+ $2 (37. Qc3+ $18 {and White stays clearly on top.} e5 38. Rxf7+ $3 Kxf7 39. Qc4+ Kf8 40. Qxb5) 37... e5 $16 38. Re4 Qf6 39. Qc3 Qd6 (39... Rb7 $16 40. Kg2 (40. Qxe5 Qxe5 41. Rxe5 Nxb4 $11) (40. Rxe5 Nxb4 41. Nf4 Rb6 $11) 40... Rb6) 40. Nxe5 $18 Qf6 41. f4 {[%emt 0:02:57] And now Rc4 would win.} Rb7 {[%emt 0:03:32] [#]} (41... Qb6+ $2 42. e3 Qf6 43. Rc4 $18) 42. Rc4 {[%emt 0:04:02] Inhibits Nc7. aiming for Rc6.} Nb8 {[%emt 0:02:38] Prevents Rc6.} (42... Qe7 $142 43. f5 Nxb4 44. Nc6+ Qf6) 43. Kg2 Kh7 $2 (43... Qe7 44. Ng4+ f6) 44. Rc7 {[%emt 0:06:10] White is clearly winning.} Rxc7 45. Qxc7 {[%emt 0:00:03][%mdl 4096] Endgame KQN-KQN} Na6 46. Qb7 Kg7 47. b5 Nc5 48. Qa7 Ne6 49. b6 {[%emt 0:00:49] Strongly threatening b7.} h4 50. Qxf7+ Qxf7 51. Nxf7 Nc5 52. Nd8 {[%emt 0:01:23] Weighted Error Value: White=0.27 (precise) /Black=0.41} 1-0

[Event "Austrian Championship 2022"]
[Site "Vienna"]
[Date "2022.08.19"]
[Round "9.9"]
[White "Kilgus, Georg"]
[Black "Kruckenhauser, Arthur"]
[Result "1-0"]
[ECO "C10"]
[WhiteElo "2386"]
[BlackElo "2303"]
[Annotator "TA"]
[PlyCount "115"]
[EventDate "2022.08.12"]
[EventType "swiss"]
[EventCountry "AUT"]
[SourceTitle "playchess.com"]
[Source "ChessBase"]
[SourceQuality "1"]
[TimeControl "40/5400+30:1800+30"]

1. e4 e6 2. d4 d5 3. Nc3 Nc6 4. e5 f6 5. Bb5 Bd7 6. Nf3 {[%emt 0:02:50] C10: French with 3 Nc3: Unusual Black 3rd moves and 3...dxe4.} Qe7 7. O-O Qf7 8. Re1 {[%emt 0:09:35] White is slightly better.} O-O-O {[%emt 0:04:35] 8...Nge7 is more fashionable.} 9. a4 Bb4 10. Bd2 Nge7 {[%emt 0:03:45] [#]} 11. Na2 $146 ({Predecessor:} 11. Ne2 Bxd2 12. Qxd2 fxe5 13. Bxc6 Nxc6 14. dxe5 Rdf8 15. Ned4 Nxd4 16. Nxd4 Qf4 17. Qe3 {½-½ (23) Sowada,C (1944)-Wischhoefer,C (2187) Germany 2016}) 11... Bxd2 12. Qxd2 g5 13. exf6 $1 Qxf6 14. Bxc6 Nxc6 15. Nb4 $1 Nxb4 16. Qxb4 Rdf8 17. Qd2 {[%emt 0:00:33] White is more active.} ({White should play} 17. Re2) 17... g4 $16 18. Ne5 Qh4 (18... h5 $16 {keeps fighting.}) 19. Qe3 (19. g3 $18 Qe7 20. Nxg4) 19... Rf6 20. Qg3 Qg5 21. Qxg4 Qxg4 {[%emt 0:00:20][%mdl 64] Remove Defender} 22. Nxg4 Rf4 23. Ne5 Rxd4 24. b3 Rf8 25. Re2 {[%emt 0:00:55] Prevents Rd2.} c5 ({Better is} 25... Rdf4) 26. g3 Rf5 27. f4 Kc7 28. c3 Rxe5 29. fxe5 $18 {[%emt 0:07:42][%mdl 4096] Endgame KRR-KRB} (29. Rxe5 $18 Rd3 30. Rc1) 29... Rd3 $16 30. Rc1 Be8 31. g4 Bg6 32. Kf2 Be4 33. Re3 {[%emt 0:00:48] Against Rh3} Rd2+ {[%emt 0:00:59] [#]} 34. Kg3 $1 Rg2+ 35. Kh3 Rb2 36. b4 cxb4 $2 {[%emt 0:00:49] This costs Black the game.} (36... c4 $16 {might work better.}) 37. cxb4+ $18 Kb6 {[%emt 0:00:05] [#]} 38. a5+ $1 Ka6 39. Rc7 {[%emt 0:00:03] Re7 is the strong threat.} Rxb4 40. Re7 Kxa5 41. Rxe6 b5 $2 (41... Kb5 42. Kg3 Kc5) 42. Rf6 {[%emt 0:03:39] Black must now prevent e6.} Rc4 43. e6 {[%emt 0:02:31] Threatens to win with e7.} Rc8 (43... Rc7 $142 44. Rf7 Rc6 45. Rxa7+ Kb4) 44. Ra3+ Kb4 45. Rxa7 Bg6 46. Rd7 Kc5 47. e7 Re8 48. Rf8 {[%emt 0:00:57] White wants to mate with Rxe8.} b4 (48... Kc6 $18) 49. Rxe8 {[%emt 0:00:34] White mates.} Bxe8 {[%emt 0:00:03] KR-KB} 50. Rd8 Bg6 51. e8=Q Bxe8 52. Rxe8 {[%emt 0:00:01] KR-K3P} Kc4 53. Kg3 b3 54. Kf3 b2 55. Rb8 Kc3 56. Ke2 d4 57. Kd1 d3 58. h4 {[%emt 0:00:07] Weighted Error Value: White=0.13 (very precise) /Black=0.34} 1-0

[Event "Austrian Championship 2022"]
[Site "Vienna"]
[Date "2022.08.19"]
[Round "9.10"]
[White "Sadilek, Peter"]
[Black "Leitner, Gerald"]
[Result "1-0"]
[ECO "D15"]
[WhiteElo "2330"]
[BlackElo "2145"]
[Annotator "TA"]
[PlyCount "51"]
[EventDate "2022.08.12"]
[EventType "swiss"]
[EventCountry "AUT"]
[SourceTitle "playchess.com"]
[Source "ChessBase"]
[SourceQuality "1"]
[TimeControl "40/5400+30:1800+30"]

1. d4 Nf6 2. Nf3 d5 3. c4 c6 4. Nc3 a6 5. a4 e6 6. g3 Bb4 {[%emt 0:03:37] D15: Slav Defence: 4 Nc3 a6 and gambit lines after 4 Nc3 dxc4.} 7. Bg2 O-O 8. O-O dxc4 {[%emt 0:03:10] The position is equal.} 9. Qc2 Nbd7 10. Rd1 {[%emt 0:11:09][%mdl 1024] White has compensation.} Qa5 {[%emt 0:08:06] [#]} (10... a5 $11 {should be considered.}) 11. Bf4 $146 ({Predecessor:} 11. Na2 Be7 12. Bf4 Nd5 13. Bd2 Qd8 14. Qxc4 a5 15. e4 N5b6 16. Qb3 Nf6 17. Nc3 {1-0 (30) Lirindzakis,T (2286)-Eleftherakis,S (1916) Anogia 2013}) 11... Nd5 12. Ng5 ({Worse is} 12. Nxd5 exd5 13. h3 (13. Ng5 g6 $17) 13... Re8 $17) (12. Bd2 $14) 12... g6 13. Bd2 Nxc3 14. bxc3 Be7 15. h4 Nb6 16. e4 (16. Rdb1 $14) 16... f6 (16... Bd7 $11) 17. Nf3 $14 e5 18. Rdb1 Bd6 (18... Bg4 $14) 19. Be3 $16 Bc7 20. Nd2 Be6 21. Bf1 {[%emt 0:04:06][%cal Ob1b6] Rxb6! is the strong threat.} Rab8 $2 {[%emt 0:12:18] [#] A mistake that costs the game.} (21... Kh8 $16) 22. Rxb6 $1 $18 Bxb6 (22... exd4 23. Bxd4) 23. Bxc4 Bxc4 (23... Ba7 24. Bxe6+ Kh8) 24. Nxc4 {[%emt 0:00:14] White is clearly winning.} exd4 25. Nxa5 dxe3 26. Qb3+ {[%emt 0:00:06] Weighted Error Value: White=0.14 (very precise) /Black=0.36} 1-0

[Event "Austrian Championship 2022"]
[Site "Vienna"]
[Date "2022.08.19"]
[Round "9.12"]
[White "Borrmann, Laurenz"]
[Black "Dotzer, Lukas"]
[Result "1-0"]
[ECO "B48"]
[WhiteElo "2274"]
[BlackElo "2269"]
[Annotator "TA"]
[PlyCount "80"]
[EventDate "2022.08.12"]
[EventType "swiss"]
[EventCountry "AUT"]
[SourceTitle "playchess.com"]
[Source "ChessBase"]
[SourceQuality "1"]
[TimeControl "40/5400+30:1800+30"]

1. e4 c5 2. Nf3 e6 3. d4 cxd4 4. Nxd4 Nc6 5. Nc3 Qc7 6. Be3 a6 7. Qf3 {[%emt 0:00:09] B48: Sicilian: Taimanov: 5 Nc3 Qc7 6 Be3 a6 without Be2.} Nf6 8. O-O-O d6 {[%emt 0:11:30] 8...Rb8 gains popularity.} (8... Nxd4 $11 {might be stronger.} 9. Bxd4 e5) 9. Qg3 ({Better is} 9. Nxc6 $14 bxc6 10. Qg3) 9... Nxd4 10. Bxd4 e5 11. Be3 b5 12. a3 Be6 {[%emt 0:10:12] [#]} 13. Bg5 $146 ({Predecessor:} 13. Be2 Rb8 14. f4 b4 15. axb4 Rxb4 16. Rhf1 Qa5 17. Bd3 Rxb2 18. Kxb2 Qb4+ 19. Kc1 Qxc3 {1-0 (29) Aravindh,C (2641)-Panarin,M (2562) Chess.com INT 2020}) 13... Be7 14. Bxf6 Bxf6 15. Nd5 Bxd5 16. Rxd5 Rc8 17. Qd3 {[%emt 0:08:04] Active counter play!} Qb6 18. Qe3 Qxe3+ 19. fxe3 Rc6 20. a4 bxa4 21. Ra5 $1 Kd7 22. Rxa4 Rb8 23. Bxa6 Bg5 24. Re1 Rcb6 25. b3 Rb4 26. Rxb4 Rxb4 $16 {[%emt 0:00:09][%mdl 4096] Endgame [#] KRB-KRB} 27. Bc4 $1 g6 28. c3 ({Much less strong is} 28. Bxf7 Rxe4 29. Kd2 Rh4 $16) 28... Rb8 29. Bd5 f5 30. Kd2 f4 31. exf4 exf4 32. Kd3 Bh4 (32... Bf6 $16 33. Ra1 Rc8) 33. Rf1 $18 Rf8 34. Ke2 Bd8 35. Kf3 h5 (35... Bf6 $16 {was worth a try.}) 36. Rd1 (36. Ra1 $18) 36... g5 $16 {[%emt 0:00:32] [#] White is better.} 37. h3 $1 {[%emt 0:00:41] Prevents g4+.} Bf6 38. Ra1 Bxc3 39. Ra7+ Kd8 40. Be6 Be5 {[%emt 0:00:00] Weighted Error Value: White=0.08 (flawless) /Black=0.13 (very precise)} 1-0

[Event "Austrian Championship 2022"]
[Site "Vienna"]
[Date "2022.08.19"]
[Round "9.13"]
[White "Lerch, Johannes"]
[Black "Balint, Peter"]
[Result "1/2-1/2"]
[ECO "E60"]
[WhiteElo "2222"]
[BlackElo "2051"]
[Annotator "TA"]
[PlyCount "67"]
[EventDate "2022.08.12"]
[EventType "swiss"]
[EventCountry "AUT"]
[SourceTitle "playchess.com"]
[Source "ChessBase"]
[SourceQuality "1"]
[TimeControl "40/5400+30:1800+30"]

1. Nf3 Nf6 2. c4 g6 3. b3 Bg7 4. Bb2 O-O 5. g3 c5 6. Bg2 Nc6 7. O-O d6 8. d4 cxd4 9. Nxd4 Nxd4 10. Qxd4 Qa5 {[%emt 0:04:39] E60: King's Indian: Unusual lines and Fianchetto Variation without Nc3.} 11. Qd2 {[%emt 0:13:00] [#]} (11. Bc3 $5 Qa6 12. Nd2 $14) 11... Qh5 $146 ({Predecessor:} 11... Qxd2 12. Nxd2 Rb8 13. Rab1 Bf5 14. e4 Bd7 15. e5 Ne8 16. exd6 Nxd6 17. Bxg7 Kxg7 18. Rfe1 {½-½ (40) Vidakovich,Y-Jaroshenko,S Lvov 1999}) 12. h4 Rb8 {[%emt 0:04:54] White is slightly better.} 13. Nc3 {[%emt 0:03:39] Against b5} Qa5 14. Rfd1 {[%emt 0:02:27][%cal Bf1d1,Bd1d2,Bd2c2][%mdl 32] Strongly threatening Nd5.} Re8 15. a3 (15. Nb5 $5 Qxd2 16. Rxd2 $14) 15... Be6 16. Nb5 Qxd2 17. Rxd2 a6 18. Nc7 Rec8 19. Nxe6 fxe6 20. Rb1 Kf7 21. Bd4 {[%emt 0:01:32] Black must now prevent Ba7. This bishop pair is nice.} b6 22. Rc2 Nd7 23. Bxg7 Kxg7 24. b4 a5 25. f4 Kf6 26. g4 Rc7 27. Be4 Rbc8 28. g5+ Kf7 29. Rbc1 axb4 30. axb4 Nb8 31. b5 {[%emt 0:04:16] Against Na6} Ra7 32. e3 Ra4 33. Kf2 Nd7 34. Bf3 {[%emt 0:04:39] Weighted Error Value: White=0.12 (very precise) /Black=0.09 (flawless)} 1/2-1/2

[Event "Austrian Championship 2022"]
[Site "Vienna"]
[Date "2022.08.19"]
[Round "9.14"]
[White "Exler, Veronika"]
[Black "Sadilek, Maximilian"]
[Result "0-1"]
[ECO "A60"]
[WhiteElo "2132"]
[BlackElo "2230"]
[Annotator "TA"]
[PlyCount "92"]
[EventDate "2022.08.12"]
[EventType "swiss"]
[EventCountry "AUT"]
[SourceTitle "playchess.com"]
[Source "ChessBase"]
[SourceQuality "1"]
[TimeControl "40/5400+30:1800+30"]

1. d4 Nf6 2. g3 c5 3. d5 e6 4. c4 exd5 5. cxd5 d6 6. Nc3 a6 7. a4 g6 8. e4 Bg7 9. Bg2 O-O 10. Nge2 Nbd7 {[%emt 0:07:10] A60: Modern Benoni: Early Divergences.} 11. O-O Rb8 12. a5 Ne8 {[%emt 0:18:42] [#]} (12... Re8 $142) 13. Qc2 $146 ({Predecessor:} 13. f4 Nc7 14. Qd3 b5 15. axb6 Rxb6 16. Ra2 Nb5 17. Be3 Rb8 18. h3 Qc7 19. Rc1 {½-½ (19) Esswein,K (2067)-Pieper,T (2222) Tegernsee 2021}) 13... Nc7 14. Bh3 Nb5 15. Bd2 Nd4 (15... Ne5 $5 16. Bg2 f5 $15) 16. Nxd4 cxd4 17. Na4 Ne5 18. Bxc8 Rxc8 19. Qb3 f5 20. f3 (20. exf5 $1 $15 Rxf5 21. Bf4) 20... Nc4 $36 {[%emt 0:03:00][%mdl 2048] Black is really pushing.} 21. Qb4 (21. Qd3) 21... b5 (21... fxe4 $142 {Strongly threatening ...e3.} 22. fxe4 d3) 22. Nb6 ({Much worse is} 22. axb6 a5 23. Qb5 Nxd2 $19) 22... Nxb6 23. axb6 fxe4 ({Stronger than} 23... Qxb6 24. exf5 Rxf5 25. Rac1 $17) 24. fxe4 Rf7 (24... Qxb6 $19 {avoids the disaster.} 25. Rxf8+ Rxf8) 25. Rac1 $4 (25. Rxf7 $18 {was the only winning move.} Kxf7 26. Rxa6) 25... Rxf1+ 26. Rxf1 Qxb6 27. Bf4 $2 (27. Kg2 {keeps fighting.}) 27... d3+ 28. Kh1 $2 (28. Kg2 Rc2+ 29. Kh3) 28... a5 29. Qxd6 Qxd6 30. Bxd6 {[%emt 0:00:06][%mdl 4096] Endgame KRB-KRB} d2 {[%emt 0:00:06] ( -> ...Rc1)} 31. Bf4 Bxb2 32. Bxd2 a4 33. d6 {[%emt 0:02:03] [#]} (33. e5 $142 Bxe5 34. Bb4) 33... a3 $1 ({And not} 33... Rd8 34. Bb4 $17) 34. Bg5 a2 35. d7 Ra8 {[%emt 0:00:06] Hoping for ...b4.} 36. d8=Q+ Rxd8 37. Bxd8 {[%emt 0:00:00] [#]} b4 $1 38. Be7 b3 39. h4 a1=Q {[%emt 0:01:03] Black mates.} 40. Rxa1 Bxa1 {[%emt 0:00:03] KB-KB} 41. Ba3 Kf7 42. Kg2 Ke6 43. Kf3 b2 44. Bxb2 Bxb2 45. h5 g5 46. Kg4 h6 {[%emt 0:00:00] Weighted Error Value: White=1.10/Black=0.29 (precise)} 0-1

[Event "Austrian Championship 2022"]
[Site "Vienna"]
[Date "2022.08.19"]
[Round "9.15"]
[White "Kienboeck, Benjamin"]
[Black "Nolz, Tom"]
[Result "0-1"]
[ECO "B43"]
[WhiteElo "2151"]
[BlackElo "2230"]
[Annotator "TA"]
[PlyCount "114"]
[EventDate "2022.08.12"]
[EventType "swiss"]
[EventCountry "AUT"]
[SourceTitle "playchess.com"]
[Source "ChessBase"]
[SourceQuality "1"]
[TimeControl "40/5400+30:1800+30"]

1. e4 c5 2. Nf3 Nc6 3. d4 cxd4 4. Nxd4 e6 5. Nc3 a6 6. g3 Qc7 7. Bg2 b5 8. O-O Bb7 9. Re1 h5 {[%emt 0:02:59] [#] B43: Sicilian: Kan Variation: 5 Nc3.} (9... Nxd4 $14 10. Qxd4 Rc8) 10. Nd5 $1 $16 Qd8 (10... Qb8 11. Nxc6) 11. a4 {[%emt 0:05:54] [#]} Bc5 $146 {[%emt 0:02:50] White is clearly better.} ({Predecessor:} 11... bxa4 12. Rxa4 h4 13. Nxc6 Bxc6 14. Ra1 Ne7 15. Be3 Nc8 16. Bf4 d6 17. Qd3 Bb7 {½-½ (49) Suchin,D (2055)-Tenner,H Germany 2002}) 12. Nb3 Ba7 13. axb5 axb5 {[%emt 0:00:28] [#]} 14. Nc3 (14. Bf4 $1 $18 {Nc7+ is the strong threat.} e5 (14... Bb8 15. Bxb8) 15. Bd2) 14... Nf6 15. Bg5 (15. Nxb5 Bxf2+ 16. Kxf2 Qb6+ 17. Be3 Qxb5 $14) 15... b4 {[%emt 0:08:09] [#]} 16. Nd5 Ne5 {[%emt 0:04:29] [#]} (16... exd5 $2 17. exd5+ (17. e5 Bxf2+ 18. Kxf2 Ng4+ 19. Qxg4 hxg4 $15) 17... Ne7 18. Bxf6 (18. d6 Bxf2+ 19. Kxf2 Rxa1 $11) 18... gxf6 19. d6 Bxf2+ 20. Kxf2 Qb6+ 21. Re3 Rxa1 22. Qxa1 Bxg2 23. Kxg2 $1 $18) (16... d6 $16 {was worth a try.}) (16... Bxf2+ 17. Kxf2) 17. Rxa7 $1 $18 Rxa7 18. Be3 (18. Qd4 $16 Nc6 19. Qc5 (19. Nxf6+ gxf6 20. Qxf6 Qxf6 $11)) 18... exd5 19. Bxa7 $16 O-O 20. exd5 d6 21. Bd4 Re8 22. f4 ({White should play} 22. Nd2 $16) 22... Ned7 $14 23. c4 ({White should try} 23. Rxe8+ $16 Qxe8 24. Nd2) 23... bxc3 $1 $11 24. bxc3 Rxe1+ 25. Qxe1 Bxd5 26. Bxd5 Nxd5 27. Nd2 N5f6 28. Ne4 Qe8 29. Nxf6+ Nxf6 30. Qxe8+ Nxe8 {[%emt 0:00:03][%mdl 4096] Endgame KB-KN} 31. c4 f6 32. Kf2 g6 33. f5 gxf5 34. Be3 Kf7 35. Bf4 Ke6 36. Kg2 d5 37. c5 Kd7 38. Kh3 $2 {[%emt 0:02:48][%mdl 8192] Black continues to play with concentration.} (38. Be3 $11) 38... d4 $1 $19 {[%emt 0:00:35] Strongly threatening ...Kc6.} 39. Kh4 {[%emt 0:01:13] [#]} Ng7 {[%emt 0:00:12] Threatens to win with ...Kc6.} 40. Bh6 d3 41. Kh3 (41. Be3 $142 Kc7 42. Kh3) 41... Ne6 {[%emt 0:01:51] ( -> ...f4)} 42. Kg2 Kc6 43. Be3 Nxc5 44. Kf3 Ne4 (44... Ne6 $142 45. Bd2 Kd5) 45. Kf4 {[%emt 0:01:18] [#]} Nd6 $1 ({And not} 45... d2 46. Bxd2 Nxd2 47. Kxf5 $11) 46. Bc1 Kd5 ({Inferior is} 46... Nc4 47. Kxf5 Kd7 48. Kxf6 $11) 47. Ke3 Kc4 {[%emt 0:00:31] White must now prevent ...Kc3.} 48. Bd2 Ne4 $2 (48... Nb5 $19 49. Be1 Nd4) 49. Ba5 $2 (49. Be1 $17) 49... Nc3 {[%emt 0:01:48] Black mates.} 50. Kd2 Nd5 51. Bd8 Kd4 52. Ba5 Ke4 53. Bd8 f4 54. gxf4 f5 55. Ba5 Nxf4 56. Ke1 Ng2+ 57. Kd2 Ne3 {[%emt 0:00:07] Weighted Error Value: White=0.68/Black=0.24 (precise)} 0-1